 Dungeon Crawl Stone Soup version 0.31-a0-331-geda263fcf1 (webtiles) character file.

Game seed: 2943076189791573621

656 quinnr the Gusty (level 7, -1/36 HPs)
             Began as a Tengu Air Elementalist on July 19, 2023.
             Was an Initiate of Vehumet.
             Succumbed to a killer bee's poison
             ... on level 7 of the Dungeon.
             The game lasted 00:08:27 (5672 turns).

quinnr the Gusty (Tengu Air Elementalist)           Turns: 5672, Time: 00:08:27

Health: -1/36      AC:  3    Str:  9    XL:     7   Next: 55%
Magic:  7/11       EV: 14    Int: 17    God:    Vehumet [......]
Gold:   158        SH:  5    Dex: 14    Spells: 0/10 levels left

rFire   + . .        t - staff of air {!a}
rCold   + + .        e - +0 buckler
rNeg    . . .        a - +0 robe
rPois   +            (helmet restricted)
rElec   +            (no cloak)
rCorr   +            f - +0 pair of gloves
SInv    .            (boots unavailable)
Will    .....        d - amulet of regeneration
Stlth   ++           C - ring of protection from cold
HPRegen 1.06/turn    R - ring of resist corrosion
MPRegen 0.12/turn

%: no passive effects
@: lethally poisoned (-1 -> -7), swift, resistant, flying quickly and evasively,
very quick
A: beak, talons 3, nimble flight
a: Renounce Religion


You were on level 7 of the Dungeon.
You worshipped Vehumet.
Vehumet was noncommittal.
You visited 2 branches of the dungeon, and saw 9 of its levels.

You collected 158 gold pieces.


Innate Abilities, Weirdness & Mutations

You have a beak for a mouth.
You have claws for feet.
Your magical nature lets you fly swiftly and evasively.


   Skills:
 - Level 2.1 Dodging
 - Level 2.0 Stealth
 + Level 3.9 Shields
 - Level 2.0 Spellcasting
 - Level 1.3 Conjurations
 + Level 7.5 Air Magic
 + Level 3.1 Poison Magic
 + Level 2.9 Evocations


You couldn't memorise any spells.
You knew the following spells:

 Your Spells              Type           Power      Damage    Failure   Level
a - Airstrike             Air            20%        2d(3-19)  13%         4
i - Swiftness             Air            41%        N/A       3%          3
p - Poisonous Vapours     Pois/Air       58%        N/A       4%          2
z - Shock                 Conj/Air       100%       1d9       4%          1

Your spell library contained the following spells:

 Spells                   Type           Power      Damage    Failure   Level
 Static Discharge         Conj/Air       50%        2-5/arc   7%          2
 Sting                    Tmut/Pois      28%        1d4       14%         1
 Magic Dart               Conj           24%        1d4       16%         1
 Searing Ray              Conj           12%        2d4       24%         2
 Olgreb's Toxic Radiance  Pois           12%        N/A       58%         4
 Fulminant Prism          Conj/Hex       2%         3d5       91%         4

Inventory:

Missiles
 v - a throwing net {=f}
Armour
 a - a +0 robe (worn)
 e - a +0 buckler (worn)
 f - a +0 pair of gloves (worn)
 k - a +0 pair of gloves
Magical Staves
 t - a staff of air (weapon) {!a}
Jewellery
 d - an amulet of regeneration (around neck)
 o - an amulet of faith {!P}
 C - a ring of protection from cold (left hand)
 F - a ring of fire
 R - a ring of resist corrosion (right hand)
 Y - a +4 ring of slaying
Scrolls
 c - 3 scrolls of poison {unknown}
 g - 6 scrolls of identify {unknown}
 p - 2 scrolls of enchant armour {unknown}
 q - 4 scrolls of vulnerability {unknown}
 r - a scroll of noise {unknown}
 s - 2 scrolls of teleportation {@r2}
 y - a scroll of immolation {unknown}
Potions
 b - 2 potions of magic
 h - 3 potions of resistance
 i - a potion of heal wounds {unknown}
 j - a potion of enlightenment {unknown}
 l - a potion of cancellation {unknown}
 m - a potion of brilliance {unknown}
 n - a potion of berserk rage {unknown}
 u - 2 potions of lignification {unknown}
 w - a potion of haste {unknown}
 x - 2 potions of mutation {unknown}
 z - a potion of degeneration {unknown}

Dungeon Overview and Level Annotations

Branches:
Dungeon (8/15)             Temple (1/1) D:5
   Lair: D:8-11

Altars:
Dithmenos
Gozag
Nemelex Xobeh
Qazlal
Ru
Trog
Uskayaw
Vehumet
Wu Jian
Xom
Zin
The Shining One

####### .....
##.#####
##@.....##
#.#yy......+
#.......#.##
###.#####.#
#.......###### .
.........#...#..
#########.#.#.#.#
#.#.#.#.#
#.....#.#


You could see 2 killer bees.


Message History

You block the killer bee's attack. The killer bee barely misses you.
You fly upwards.
There is a stone staircase leading down here.
Unknown command.
Casting: Swiftness (dangerous; 3% risk of failure)
Confirm with . or Enter, or press ? or * to list all spells.
Aiming: Poisonous Vapours (safe; 4% risk of failure)
Press: ? - help, Dir - move target, f - killer bee
Aim: a killer bee You feel a surge of power!
Poisonous vapours surround the killer bee!
The killer bee is poisoned.
The killer bee stings you but does no damage.
You block the killer bee's attack. The killer bee stings you.
* * * LOW HITPOINT WARNING * * *
The killer bee stings you.
* * * LOW HITPOINT WARNING * * *
You are poisoned.
The killer bee poisons you!
The killer bee attacks as you move away!
The killer bee stings you.
* * * LOW HITPOINT WARNING * * *
x2 You feel sick.
The killer bee stings you.
* * * LOW HITPOINT WARNING * * *
You are more poisoned.
The killer bee poisons you! You block the killer bee's attack.
Unknown command.
It was a potion of resistance.
You feel protected.
You die...

Skill      XL: |  1  2  3  4  5  6  7 |
---------------+----------------------+-----
Air Magic      | 5 6 7 |  7.5
Shields        | 1 2 3 |  3.9
Poison Magic   | 1 2 3 |  3.1
Evocations     | 1 2 |  2.9
Dodging        | |  2.1
Stealth        | |  2.0
Spellcasting   | |  2.0
Conjurations   | |  1.3

Action                     |  1- 3 |  4- 6 |  7- 9 || total
---------------------------+-------+-------+-------++-------
  Melee: Unarmed           |     5 |     1 |       ||     6
         Kick              |     1 |     3 |       ||     4
         Peck              |     2 |     1 |       ||     3
         Staff             |       |     3 |       ||     3
   Cast: Shock             |    70 |    69 |    10 ||   149
         Poisonous Vapours |       |    47 |    10 ||    57
         Swiftness         |       |       |     1 ||     1
    Use: Scroll            |       |       |     1 ||     1
         Potion            |       |       |     1 ||     1
 Armour: Robe              |     6 |     9 |     2 ||    17
  Dodge: Dodged            |     6 |    21 |    11 ||    38
  Block: Buckler           |       |     6 |     9 ||    15

Levels and vault maps discovered:
D:1:      dpeg_arrival_houses_and_road, layout_basic, hangedman_decor_growths,
          hangedman_decor_clover_reticule, minmay_crystal_room
D:2:      layout_loops_ring, ebering_ecumenical_altar_rust,
          kennysheep_generic_room_6
D:3:      layout_loops_ring, corexii_item_surrounded_by_moat
D:4:      layout_cave_pods, uniq_edmund
D:5:      layout_basic, gammafunk_temple_overflow_claw, temple_fountains
D:6:      layout_loops_ring, lemuel_crystal_altar, nicolae_figureground_pulse
D:7:      layout_basic, nicolae_overflow_two_pavilions, uniq_duvessa
D:8:      layout_layer_cave, mainiacjoe_overflow_concentric_impassable,
          okawaru_humans, serial_bayou_ford_a, uniq_pikel, uniq_erica,
          uniq_maurice, uniq_prince_ribbit1
Temple:   nicolae_temple_hex_pool

Notes
Turn   | Place    | Note
-------+----------+-------------------------------------------
     0 | D:1      | quinnr the Tengu Air Elementalist began the quest for the
                  | Orb.
     0 | D:1      | Reached XP level 1. HP: 10/10 MP: 4/4
   274 | D:1      | Reached XP level 2. HP: 15/15 MP: 3/6
   423 | D:1      | Reached skill level 5 in Air Magic
   819 | D:1      | Reached XP level 3. HP: 19/19 MP: 2/7
   961 | D:1      | Reached skill level 1 in Shields
  1740 | D:2      | Found a faded altar of an unknown god.
  1913 | D:2      | Reached XP level 4. HP: 24/24 MP: 4/8
  2081 | D:2      | Reached skill level 6 in Air Magic
  2094 | D:2      | Learned a level 2 spell: Poisonous Vapours
  2115 | D:2      | Reached skill level 2 in Shields
  3323 | D:3      | Gained mutation: Your magical nature lets you fly swiftly
                  | and evasively. [Tengu growth]
  3323 | D:3      | Reached XP level 5. HP: 28/28 MP: 6/9
  3329 | D:3      | Learned a level 4 spell: Airstrike
  3806 | D:4      | Reached skill level 1 in Poison Magic
  4541 | D:5      | Entered Level 5 of the Dungeon
  4541 | D:5      | Found a staircase to the Ecumenical Temple.
  4649 | D:5      | Reached skill level 1 in Evocations
  4649 | D:5      | Reached XP level 6. HP: 23/32 MP: 1/10
  4676 | Temple   | Entered the Ecumenical Temple
  4723 | Temple   | Became a worshipper of Vehumet
  4830 | D:5      | Reached skill level 3 in Shields
  4918 | D:6      | Reached skill level 2 in Poison Magic
  5060 | D:6      | Noticed an orc warrior
  5074 | D:6      | Killed an orc warrior
  5075 | D:6      | Reached skill level 7 in Air Magic
  5075 | D:6      | Reached skill level 2 in Evocations
  5184 | D:6      | Noticed a black bear
  5190 | D:6      | Killed a black bear
  5191 | D:6      | Reached XP level 7. HP: 36/36 MP: 6/11
  5197 | D:6      | Noticed a gargoyle
  5215 | D:7      | Learned a level 3 spell: Swiftness
  5421 | D:7      | Reached skill level 3 in Poison Magic
  5671 | D:7      | HP: 3/36 [killer bee (5)]
  5671 | D:7      | HP: 1/36 [killer bee (1)]
  5672 | D:7      | Identified 4 potions of resistance
  5672 | D:7      | Succumbed to a killer bee's poison

Vanquished Creatures
  An orc warrior (D:6)
  A sky beast (D:7)
  A black bear (D:6)
  A bullfrog (D:5)
  A sleepcap (D:5)
  A hound (D:7)
  2 iguanas
  An orc wizard (D:6)
  A gnoll (D:1)
  5 adders
  A white imp (D:7)
  2 ufetubi
  2 worms
  3 dart slugs
  5 orcs
  9 ball pythons
  8 endoplasms
  7 giant cockroaches
  4 goblins
  6 hobgoblins
  4 jackals (D:1)
  4 kobolds
  8 quokkas
  3 bats
  3 frilled lizards
  6 rats
90 creatures vanquished.

Table legend: (Time is in decaauts)
 A = Elapsed time spent in this place.
 B = Non-inter-level travel time spent in this place.
 C = Inter-level travel time spent in this place.
 D = Time resting spent in this place.
 E = Time spent auto-exploring this place.
 F = Levels seen in this place.
 G = Mean time per level.
                   A        B        C        D        E       F      G
               +--------+--------+--------+--------+--------+-----+--------+
         Total |   5542 |   5357 |    185 |     50 |   4633 |   9 |  615.8 |
       Dungeon |   5492 |   5308 |    184 |     50 |   4589 |   8 |  686.5 |
        Temple |     50 |     50 |      0 |      0 |     44 |   1 |   50.0 |
               +--------+--------+--------+--------+--------+-----+--------+

Top non-repeatable levels by time:
     D:1: 1698 daAuts
     D:2: 1158 daAuts
     D:3: 858 daAuts
     D:4: 749 daAuts
     D:7: 417 daAuts
     D:5: 300 daAuts
     D:6: 285 daAuts
  Temple: 50 daAuts
     D:8: 25 daAuts

Table legend:
 A = Non-vault XP
 B = Vault XP
 C = Vault XP percentage of total XP
 D = Non-vault monster count
 E = Vault monster count
 F = Vault count percentage of total count
                 A         B        C        D         E       F
            +---------+---------+-------+---------+---------+-------
      Total |     934 |       4 |   0.4 |      88 |       2 |   2.2
            +---------+---------+-------+---------+---------+-------
        D:1 |      73 |       0 |   0.0 |      31 |       0 |   0.0
        D:2 |      77 |       4 |   4.9 |      16 |       2 |  11.1
        D:3 |      14 |       0 |   0.0 |      10 |       0 |   0.0
        D:4 |      54 |       0 |   0.0 |      16 |       0 |   0.0
        D:5 |     147 |       0 |   0.0 |       5 |       0 |   0.0
        D:6 |     340 |       0 |   0.0 |       5 |       0 |   0.0
        D:7 |     229 |       0 |   0.0 |       5 |       0 |   0.0
            +---------+---------+-------+---------+---------+-------

Levels and vault maps discovered:
D:1:      dpeg_arrival_houses_and_road, layout_basic, hangedman_decor_growths,
          hangedman_decor_clover_reticule, minmay_crystal_room
D:2:      layout_loops_ring, ebering_ecumenical_altar_rust,
          kennysheep_generic_room_6
D:3:      layout_loops_ring, corexii_item_surrounded_by_moat
D:4:      layout_cave_pods, uniq_edmund
D:5:      layout_basic, gammafunk_temple_overflow_claw, temple_fountains
D:6:      layout_loops_ring, lemuel_crystal_altar, nicolae_figureground_pulse
D:7:      layout_basic, nicolae_overflow_two_pavilions, uniq_duvessa
D:8:      layout_layer_cave, mainiacjoe_overflow_concentric_impassable,
          okawaru_humans, serial_bayou_ford_a, uniq_pikel, uniq_erica,
          uniq_maurice, uniq_prince_ribbit1
Temple:   nicolae_temple_hex_pool
